 Dungeon Crawl Stone Soup version 0.22-a0-812-g4c1e2d5471 (webtiles) character file.

44 markus1189 the Sneak (level 3, 0/18 HPs)
             Began as a Vine Stalker Assassin on July 23, 2018.
             Slain by a goblin (3 damage)
             ... led by Robin
             ... on level 2 of the Dungeon.
             The game lasted 00:02:49 (675 turns).

markus1189 the Sneak (Vine Stalker Assassin)         Turns: 675, Time: 00:02:49

Health: 0/18       AC:  3    Str: 13    XL:     3   Next: 60%
Magic:  0/4        EV: 12    Int: 11    God:
Gold:   17         SH:  0    Dex: 16    Spells: 2/2 levels left

rFire    . . .     SeeInvis .   a - +4 dagger
rCold    . . .     Gourm    .   (no shield)
rNeg     . . .     Faith    .   c - +0 robe
rPois    .         Spirit   +   (no helmet)
rElec    .         Reflect  .   d - +0 cloak
rCorr    .         Harm     .   (no gloves)
MR       .....                  (no boots)
Stlth    +++.......             (no amulet)
HPRegen  0.06/turn              (no ring)
MPRegen  0.09/turn              (no ring)

@: no status effects
A: fangs 2, magic shield, antimagic bite, no potion heal 3, rot immunity
a: no special abilities


You were on level 2 of the Dungeon.
You were not hungry.

You visited 1 branch of the dungeon, and saw 2 of its levels.

You collected 17 gold pieces.

Inventory:

Hand Weapons
 a - a +4 dagger (weapon)
 b - a +0 blowgun
 i - a +2 dagger
Missiles
 e - 6 poisoned needles
 f - 2 curare-tipped needles
Armour
 c - a +0 robe (worn)
 d - a +0 cloak (worn)
Jewellery
 m - an uncursed amulet of magic regeneration {unknown}
Scrolls
 h - a scroll of fear {unknown}
 j - a scroll of remove curse {unknown}
 k - 4 scrolls of amnesia {unknown}
Potions
 n - a potion of lignification {unknown}
Comestibles
 g - 4 rations


   Skills:
 - Level 1.8 Fighting
 + Level 2.2 Short Blades
 - Level 1.7 Throwing
 + Level 1.4 Dodging
 * Level 5.8 Stealth


You had 2 spell levels left.
You didn't know any spells.
Your spell library was empty.

Dungeon Overview and Level Annotations

Branches:
Dungeon (2/15)

Altars:


Innate Abilities, Weirdness & Mutations

You have extremely sharp teeth.
When hurt, damage is shared between your health and your magic reserves.
Your bite disrupts and absorbs the magic of your enemies.
Potions cannot restore your health.
You are immune to rotting.


Message History

You shoot a poisoned needle.
The poisoned needle closely misses the goblin.
The goblin barely misses you. The goblin hits you but does no damage.
Firing (i - inventory. (/) - cycle)
e - 7 poisoned needles (quivered)
Press: ? - help, Shift-Dir - straight line, f/p - goblin
Aim: a goblin, wielding a club You shoot a poisoned needle.
The poisoned needle hits the goblin.
The goblin is poisoned.
The goblin no longer looks unusually strong.
The goblin misses you. The goblin barely misses you. x2
a - a +4 dagger (weapon)
You closely miss the goblin. Your bite misses the goblin.
The goblin is severely wounded.
The goblin hits you but does no damage. The goblin barely misses you.
The goblin hits you with a club.
* * * LOW HITPOINT WARNING * * *
You closely miss the goblin. Your bite misses the goblin.
The goblin is heavily wounded.
The goblin hits you but does no damage. The goblin hits you.
You die...

#########
#g@g((..# ###
#g#####.# ..
#g# #.# #g# .!
#.#######.#
#...#..$..#.###
###(#.##...g..(
#gg.(<# ###.).#


You could see 5 goblins.

Vanquished Creatures
  Robin (D:2)
  2 dart slugs (D:1)
  A leopard gecko (D:1)
  2 ball pythons (D:1)
  A giant cockroach (D:1)
  4 goblins
  8 hobgoblins
  A bat (D:1)
  2 frilled lizards (D:1)
  A kobold (D:1)
  3 rats (D:1)
26 creatures vanquished.

Notes
Turn   | Place    | Note
-------+----------+-------------------------------------------
     0 | D:1      | markus1189 the Vine Stalker Assassin began the quest for the Orb.
     0 | D:1      | Reached XP level 1. HP: 11/11 MP: 2/2
    53 | D:1      | Reached skill level 5 in Stealth
    91 | D:1      | Reached skill level 1 in Dodging
    91 | D:1      | Reached XP level 2. HP: 2/15 MP: 1/3
   449 | D:1      | Reached XP level 3. HP: 18/18 MP: 4/4
   637 | D:2      | Noticed Robin
   653 | D:2      | Killed Robin
   675 | D:2      | Slain by a goblin

Vault maps used:
D:1:      mrwooster_arrival_statue_3, minmay_door_square
D:2:      chequers_ecumenical_altar_island, first_ration, uniq_robin

Skill      XL: |  1  2 |
---------------+-------+-----
Stealth        | 5 |  5.8
Dodging        | 1 |  1.4
Short Blades   | 2 |  2.2
Fighting       | |  1.8
Throwing       | |  1.7

Action                   || total
-------------------------++-------
Melee: Dagger            ||    46
       Bite              ||     6
 Fire: Blowgun           ||    15
 Stab: Sleeping          ||     7
Armor: Robe              ||     9
Dodge: Dodged            ||    24

Table legend:
 A = Spawn XP
 B = Non-spawn XP
 C = Spawn XP percentage of total XP
 D = Spawn monster count
 E = Non-spawn monster count
 F = Spawn count percentage of total count
 G = Total turns spent on level
                    A         B        C        D         E        F      G
               +---------+---------+-------+---------+---------+-------+---------
         Total |       0 |      63 |   0.0 |       0 |      26 |   0.0 |   675
               +---------+---------+-------+---------+---------+-------+---------
           D:1 |       0 |      42 |   0.0 |       0 |      22 |   0.0 |   632
           D:2 |       0 |      21 |   0.0 |       0 |       4 |   0.0 |    43
               +---------+---------+-------+---------+---------+-------+---------
